 Dungeon Crawl Stone Soup version 0.28-a0-1159-g27aa881441 (webtiles) character file.

Game seed: 4081860921729575957

73 coolguy420 the Conjurer (level 4, -3/24 HPs)
             Began as a Deep Elf Conjurer on Dec 15, 2021.
             Was a Believer of Sif Muna.
             Slain by Grinder (10 damage)
             ... on level 3 of the Dungeon.
             The game lasted 00:03:48 (1870 turns).

coolguy420 the Conjurer (Deep Elf Conjurer)         Turns: 1870, Time: 00:03:49

Health: -3/24      AC:  2    Str:  3 (4)  XL:     4   Next: 8%
Magic:  10/11      EV: 12    Int: 22 (25) God:    Sif Muna [**....]
Gold:   160        SH:  0    Dex: 12 (13) Spells: 9/10 levels left

rFire   . . .      SeeInvis .   (no weapon)
rCold   . . .      Faith    .   (no shield)
rNeg    . . .      Spirit   .   a - +0 robe
rPois   .          Reflect  .   (no helmet)
rElec   .          Harm     .   (no cloak)
rCorr   .          Rampage  .   (no gloves)
Will    .....                   (no boots)
Stlth   ++........              (no amulet)
HPRegen 0.08/turn               (no ring)
MPRegen 0.12/turn               (no ring)

@: no status effects
A: no striking features
a: Renounce Religion, Channel Magic


You were on level 3 of the Dungeon.
You worshipped Sif Muna.
Sif Muna was pleased with you.
You visited 1 branch of the dungeon, and saw 3 of its levels.

You collected 160 gold pieces.

Inventory:

Armour
 a - a +0 robe (worn)
Jewellery
 c - a ring of fire
 j - a +4 ring of slaying
Scrolls
 h - a scroll of amnesia
 i - a scroll of enchant weapon {unknown}
 k - a scroll of summoning {unknown}
Potions
 b - 2 potions of degeneration
 d - a potion of magic
 f - a potion of brilliance {unknown}
 g - 3 potions of flight {unknown}
 l - a potion of attraction {unknown}


   Skills:
 + Level 2.6 Dodging
 + Level 3.0 Stealth
 + Level 3.7 Spellcasting
 + Level 5.6 Conjurations


You had 9 spell levels left.
You knew the following spells:

 Your Spells              Type           Power      Damage    Failure   Level
a - Magic Dart            Conj           100%       1d8       1%          1

Your spell library contained the following spells:

 Spells                   Type           Power      Damage    Failure   Level
 Searing Ray              Conj           56%        2d6       1%          2
 Dazzling Flash           Conj/Hex       32%        N/A       11%         3
 Animate Skeleton         Necr           8%         N/A       12%         1
 Apportation              Tloc           8%         N/A       12%         1
 Slow                     Hex            16%        N/A       12%         1
 Summon Small Mammal      Summ           16%        N/A       12%         1
 Iskenderun's Battlesphe  Conj           28%        2d8       32%         5
 Call Canine Familiar     Summ           4%         N/A       34%         3
 Confusing Touch          Hex            4%         N/A       34%         3
 Portal Projectile        Hex/Tloc       8%         N/A       34%         3
 Vampiric Draining        Necr           4%         2d6       34%         3
 Fulminant Prism          Conj/Hex       8%         3d7       34%         4
 Iskenderun's Mystic Bla  Conj/Tloc      16%        2d5       34%         4
 Fireball                 Conj/Fire      8%         3d6       69%         5
 Leda's Liquefaction      Hex/Erth       2%         N/A       75%         4
 Conjure Ball Lightning   Conj/Air       8%         3x3d6     99%         6
 Orb of Destruction       Conj           14%        9d7       100%        7


Dungeon Overview and Level Annotations

Branches:
Dungeon (3/15)

Altars:
Sif Muna

Shops:
D:2 *[[[   D:3 :

Annotations:
D:3 Grinder


Message History

The magic dart hits Grinder.
Grinder is lightly wounded.
Grinder gestures at you.
You suddenly lose the ability to move!
Grinder gestures at you. Pain shoots through your body!
You can move again.
It was a potion of degeneration.
There was something very wrong with that liquid.
You feel weakened.
You feel dopey.
You feel clumsy.
Grinder blinks!
Grinder blinks!
A goblin comes into view. It is wielding a +0 club.
The magic dart hits the goblin!
You kill the goblin!
Sif Muna accepts your kill. Grinder gestures at you.
You suddenly lose the ability to move!
Grinder blinks!
You can move again.
It was a potion of magic.
Magic courses through your body.
The magic dart hits Grinder.
Grinder is lightly wounded.
The magic dart hits Grinder.
Grinder is moderately wounded.
Grinder gestures at you.
You suddenly lose the ability to move!
Grinder blinks!
Grinder says, "I used to sell toenails on the black market."
Grinder hits you!
* * * LOW HITPOINT WARNING * * *
You can move again.
Casting: Magic Dart (safe; 1% risk of failure)
Confirm with . or Enter, or press ? or * to list all spells.
You don't know that spell.
As you read the scroll labelled OMEXUISCHEC, it crumbles to dust.
It is a scroll of identify.
h - a scroll of amnesia Grinder hits you!
You die...

# #..............
#.###.#####.
#.#...#######.####...........
#.#.....# #..........ยง..##.
.......#.#####..########.#.#
#.#.....#........# .# ..
############...# # . #...#
#...# #@#.# #5#.# #.#.# #.#..
#.#.# ....# #)# #.. ##.


You could see Grinder.

Vanquished Creatures
  2 adders (D:2)
  A worm (D:2)
  A dart slug (D:3)
  4 ball pythons
  6 bats
  4 endoplasms
  5 giant cockroaches
  6 goblins
  4 hobgoblins
  2 kobolds (D:2)
  2 quokkas (D:1)
  4 frilled lizards
  4 rats
45 creatures vanquished.

Notes
Turn   | Place    | Note
-------+----------+-------------------------------------------
     0 | D:1      | coolguy420 the Deep Elf Conjurer began the quest for the
                  | Orb.
     0 | D:1      | Reached XP level 1. HP: 10/10 MP: 6/6
   238 | D:1      | Reached XP level 2. HP: 15/15 MP: 6/8
   530 | D:1      | Found a faded altar of an unknown god.
   539 | D:1      | Prayed at the altar of an unknown god.
   539 | D:1      | Became a worshipper of Sif Muna the Loreminder
   539 | D:1      | Reached * piety under Sif Muna
   651 | D:1      | Reached skill level 5 in Conjurations
   990 | D:2      | Reached XP level 3. HP: 19/19 MP: 1/9
  1068 | D:2      | Found Vomommya's Antique Armour Shop.
  1202 | D:2      | Found Zaable's Assorted Antiques.
  1423 | D:2      | Found Wesualal's Armour Boutique.
  1562 | D:2      | Found Dapp's Armour Shop.
  1633 | D:2      | Reached ** piety under Sif Muna
  1711 | D:3      | Reached XP level 4. HP: 21/24 MP: 6/11
  1754 | D:3      | Found Mibias's Book Shop.
  1829 | D:3      | Noticed Grinder
  1834 | D:3      | Paralysed by Grinder for 3 turns
  1855 | D:3      | Paralysed by Grinder for 5 turns
  1863 | D:3      | Paralysed by Grinder for 5 turns
  1870 | D:3      | Slain by Grinder

Illustrated notes

Levels and vault maps discovered:
D:1:      minmay_arrival_diagonal_passages, layout_loops_ring,
          basic_ecumenical_altar, chequers_serial_rivers_room_b
D:2:      minmay_spotlight, layout_rooms, serial_shops, shop, shop_coins,
          nicolae_shop_stone, nicolae_shop_advertising_works
          [nicolae_subvault_shop_adworks], minmay_pentomino_o2
D:3:      layout_loops_ring, serial_shops, shop, uniq_natasha, uniq_grinder

Skill      XL: |  1  2  3 |
---------------+----------+-----
Conjurations   | 5 |  5.6
Stealth        | 3 |  3.0
Dodging        | |  2.6
Spellcasting   | |  3.7

Action                   |  1- 3 |  4- 6 || total
-------------------------+-------+-------++-------
 Cast: Magic Dart        |    75 |    11 ||    86
  Use: Potion            |       |     2 ||     2
       Scroll            |       |     1 ||     1
Dodge: Dodged            |     8 |       ||     8

Table legend: (Time is in decaauts)
 A = Elapsed time spent in this place.
 B = Non-inter-level travel time spent in this place.
 C = Inter-level travel time spent in this place.
 D = Time resting spent in this place.
 E = Time spent auto-exploring this place.
 F = Levels seen in this place.
 G = Mean time per level.
                   A        B        C        D        E       F      G
               +--------+--------+--------+--------+--------+-----+--------+
         Total |   1871 |   1845 |     26 |      0 |   1635 |   3 |  623.7 |
       Dungeon |   1871 |   1845 |     26 |      0 |   1635 |   3 |  623.7 |
               +--------+--------+--------+--------+--------+-----+--------+

Top non-repeatable levels by time:
     D:1: 853 daAuts
     D:2: 846 daAuts
     D:3: 171 daAuts
